 Dungeon Crawl Stone Soup version 0.28-a0-10-g964c8b829e (webtiles) character file.

Game seed: 5761056259161759471

18007 Zonian the Fighter (level 12, -2/92 HPs)
             Began as a Red Draconian Ice Elementalist on July 26, 2021.
             Was an Elder of Hepliaklqana.
             Killed from afar by a bog body (30 damage)
             ... with a bolt of cold
             ... on level 2 of the Lair of Beasts.
             The game lasted 00:49:32 (23876 turns).

Zonian the Fighter (DrIE)                          Turns: 23876, Time: 00:49:33

Health: -2/92      AC: 17    Str: 10    XL:     12   Next: 23%
Magic:  0/22       EV: 15    Int: 18    God:    Hepliaklqana [****..]
Gold:   267        SH:  0    Dex: 15    Spells: 13/25 levels left

rFire   + . .      SeeInvis .   p - +3 short sword (venom)
rCold   . . .      Faith    .   (no shield)
rNeg    . . .      Spirit   +   (armour unavailable)
rPois   +          Reflect  .   (helmet restricted)
rElec   .          Harm     .   q - +0 cloak
rCorr   .          Rampage  .   l - +1 pair of gloves
Will    .....                   H - +1 pair of boots
Stlth   ++++......              Q - amulet of guardian spirit
HPRegen 0.25/turn               j - ring of poison resistance
MPRegen 0.18/turn               P - +4 ring of protection

@: no status effects
A: reduced essence, breathe fire, AC +8, unfitting armour, fire resistance 1,
cold-blooded
a: Breathe Fire, Renounce Religion, Recall Ancestor, Ancestor Identity,
Transference, Idealise


You were on level 2 of the Lair of Beasts.
You worshipped Hepliaklqana.
Hepliaklqana was greatly pleased with you.
You visited 2 branches of the dungeon, and saw 13 of its levels.

You collected 865 gold pieces.
You spent 598 gold pieces at shops.

Inventory:

Hand Weapons
 f - a +0 hunting sling
 g - the +1 scimitar of Premature Burial {flame, Will+++ Int+5 Dex-3}
   (You took it off a wight on level 4 of the Dungeon)

   It burns those it strikes, dealing additional fire damage.
   Big, fiery blades are also staple armaments of hydra-hunters.
   Int:       It affects your intelligence (+5).
   Dex:       It affects your dexterity (-3).
   Will:      It greatly increases your willpower.
 p - a +3 short sword of venom (weapon)
 u - a +5 flail of protection
 F - a +0 rapier of flaming
 I - a +2 whip of electrocution
Missiles
 a - 5 silver boomerangs
 b - 8 javelins
 c - 5 atropa-tipped darts
 n - 22 poisoned darts (quivered)
 B - a throwing net
 R - 2 curare-tipped darts
Armour
 l - a +1 pair of gloves (worn)
 q - a +0 cloak (worn)
 H - a +1 pair of boots (worn)
Jewellery
 j - a ring of poison resistance (left hand)
 v - a ring of resist corrosion
 A - an amulet of magic regeneration
 E - a ring of protection from fire
 K - a ring of wizardry
 P - a +4 ring of protection (right hand)
 Q - an amulet of guardian spirit (around neck)
 S - an amulet of regeneration
Wands
 m - a wand of digging (4)
 w - a wand of iceblast (10)
 L - a wand of flame (7)
 O - a wand of mindburst (7)
 W - a wand of charming (10)
Scrolls
 e - 3 scrolls of teleportation
 k - 3 scrolls of immolation
 o - 6 scrolls of amnesia
 x - 3 scrolls of identify
 J - a scroll of fear
 U - 2 scrolls of enchant armour
 X - a scroll of summoning
 Z - 2 scrolls of magic mapping
Potions
 h - 2 potions of mutation
 r - a potion of degeneration
 s - 5 potions of curing
 C - a potion of might
 D - a potion of magic
 G - 3 potions of brilliance
 M - 2 potions of flight
 N - 2 potions of attraction
 T - a potion of lignification
 V - a potion of invisibility
Miscellaneous
 i - a condenser vane
 Y - a lightning rod (4/4)


   Skills:
 + Level 8.8 Fighting
 + Level 7.8 Short Blades
 - Level 1.5 Maces & Flails
 + Level 7.6 Dodging
 + Level 8.3 Stealth
 - Level 7.2 Spellcasting
 + Level 2.2 Conjurations
 + Level 2.7 Fire Magic
 - Level 4.3 Ice Magic
 + Level 8.5 Invocations
 + Level 3.3 Evocations


You had 13 spell levels left.
You knew the following spells:

 Your Spells              Type           Power      Damage    Failure   Level
a - Freeze                Ice            88%        1d10      1%          1
b - Frozen Ramparts       Ice            44%        1d6       5%          3
c - Ozocubu's Armour      Ice            22%        N/A       5%          3
d - Fireball              Conj/Fire      7%         3d5       71%         5

Your spell library contained the following spells:

 Spells                   Type           Power      Damage    Failure   Level
 Animate Skeleton         Necr           12%        N/A       11%         1
 Apportation              Tloc           12%        N/A       11%         1
 Corona                   Hex            6%         N/A       11%         1
 Sting                    Tmut/Pois      24%        1d4       11%         1
 Summon Small Mammal      Summ           24%        N/A       11%         1
 Static Discharge         Conj/Air       10%        N/A       11%         2
 Poisonous Vapours        Pois/Air       12%        N/A       16%         2
 Hailstorm                Conj/Ice       18%        3d6       28%         4
 Gell's Gravitas          Tloc           3%         N/A       32%         3
 Teleport Other           Tloc           6%         N/A       32%         3
 Olgreb's Toxic Radiance  Pois           6%         N/A       71%         4
 Lightning Bolt           Conj/Air       5%         1d17      88%         5
 Alistair's Intoxication  Tmut/Pois      4%         N/A       96%         5
 Borgnjor's Vile Clutch   Necr/Erth      3%         N/A       96%         5
 Dispersal                Tloc           3%         N/A       100%        6
 Eringya's Noxious Bog    Tmut/Pois      3%         N/A       100%        6
 Storm Form               Tmut/Air       3%         N/A       100%        7


Dungeon Overview and Level Annotations

Branches:
Dungeon (11/15)            Temple (0/1) D:6            Lair (2/6) D:11
  Swamp: Lair:2-4    Shoals: Lair:2-4     Snake: Lair:2-4    Spider: Lair:2-4
    Orc: D:9-12

Altars:
Fedhas
Hepliaklqana
The Shining One

Shops:
D:4 ::=[(   D:6 [

Annotations:
D:6 2 transporters, flotson's ghost, amateur MfDe
Lair:1 exclusion: oklob plant


Innate Abilities, Weirdness & Mutations

Your life essence is reduced to manifest your ancestor. (-10% HP)
You can breathe blasts of fire.
Your fiery red scales are hard. (AC +8)
You cannot fit into any form of body armour.
Your flesh is heat resistant. (rF+)
You are cold-blooded and may be slowed by cold attacks.


Message History

The bog body barely misses you. The bog body casts a spell at you.
Zayda resists with significant effort.
You hit the bog body.
The bog body is almost destroyed.
The bog body closely misses you.
You hit the bog body.
The bog body is almost destroyed.
The bog body touches you! The bog body freezes you!
Zayda casts a spell at the bog body.
The bog body easily resists.
You hit the bog body.
The bog body is almost destroyed.
The bog body touches you but does no damage.
Zayda hits the bog body with a +0 dagger of draining.
The bog body touches you! The bog body freezes you!
* * * LOW HITPOINT WARNING * * *
Unknown command.
Okay, then.
Cast which spell? (? or * to list)
Okay, then.
Okay, then.
Press: ? - help, v - describe, . - travel
Here: a bog body (almost destroyed) Some shallow water.
Okay, then.
Okay, then.
You can't see any enemies this would affect, really read the scroll of fear?
Okay, then.
Okay, then.
Okay, then.
Blink to where?
Press: ? - help, Dir - move target
As you read the scroll of blinking, it crumbles to dust.
Something misses Zayda.
You see here a +0 ring mail.
You feel yourself speed up.
The bog body points at you and mumbles some strange words.
The bolt of cold hits you!!!
You die...

#..### ##..# ####.#.##
#.... #.....>.# #....
#..(....#####....
##.......+..#.....
##.................
#####.#.........##.....
#.#..##.......#.###....
#.....@.......### ##..#
#)..#.#.##+#♣#.# ##.#
#n###R.....♣ ♣♣♣ #.#
#.#...♣♣♣♣♣♣♣♣♣♣♣♣♣ ♣♣♣
#.[.♣♣♣≈≈≈♣≈≈≈R≈≈≈♣§
#..⌠..R.R..♣......§.
#..⌠n...n...§♣
#...♣♣♣≈≈≈≈♣♣≈≈≈≈≈≈≈
##....♣♣♣♣♣♣ ♣♣♣♣♣♣♣♣♣♣


You could see the friendly Zayda the hexer and a bog body.

Vanquished Creatures
  Josephine (D:11)
  A catoblepas (Lair:2)
  3 two-headed ogres
  Sonja (D:11)
  A manticore (D:11)
  2 black mambas (Lair:2)
  A cane toad (Lair:2)
  Psyche (D:9)
  A komodo dragon (Lair:1)
  2 trolls
  A polar bear (Lair:1)
  4 blink frogs (Lair:2)
  Grinder (D:5)
  Sigmund (D:5)
  3 wraiths
  3 wyverns
  12 yaks
  An acid dragon (D:10)
  Edmund (D:5)
  Duvessa (D:4)
  4 water moccasins
  2 black bears
  A sky beast (D:7)
  2 orc warriors
  A necrophage (D:5)
  A hornet zombie (D:7)
  3 ogres
  A wolf (D:11)
  2 kobold brigands
  2 bullfrogs (Lair:2)
  A wyvern zombie (D:6)
  3 scorpions
  Dowan (D:4)
  17 killer bees
  4 wights
  5 electric eels (D:11)
  A centaur zombie (D:9)
  5 hounds
  3 jellies
  4 orc priests
  A bullfrog skeleton (D:6)
  A gnoll shaman (D:8)
  Terence (D:2)
  An iguana (D:5)
  2 orc wizards
  A killer bee zombie (D:6)
  A hexer (D:7)
  A mummy (D:6)
  A howler monkey zombie (D:11)
  11 gnolls
  11 adders
  A shadow imp (D:6)
  A white imp (D:6)
  An ufetubus (D:4)
  An adder skeleton (D:4)
  A worm (D:2)
  3 dart slugs
  22 orcs
  13 ball pythons
  8 endoplasms
  3 giant cockroaches
  9 goblins
  4 hobgoblins
  7 jackals
  22 kobolds
  4 quokkas
  12 bats
  3 frilled lizards
  2 orc zombies (D:6)
  9 rats
263 creatures vanquished.

Vanquished Creatures (collateral kills)
  Maurice (D:11)
  A centaur zombie (D:11)
  A cane toad (Lair:2)
  2 komodo dragons
  3 yaks
  3 wraiths
  4 water moccasins
  A hornet zombie (D:8)
  2 sky beasts
  A wolf (D:11)
  2 centaurs
  A phantom (D:5)
  A bullfrog (Lair:1)
  A wyvern skeleton (D:7)
  3 killer bees
  2 wights (D:7)
  A jelly (D:6)
  A gnoll shaman (D:8)
  An iguana (D:5)
  3 orc wizards
  2 gnolls
  2 adders
  A shadow imp (D:7)
  A white imp (D:6)
  An adder zombie (D:5)
  3 orcs
  6 kobolds
51 creatures vanquished.

Vanquished Creatures (others)
  An orc wizard (D:10)
  7 hexers
  7 ancestors
  6 fungi
  11 plants
32 creatures vanquished.

Grand Total: 346 creatures vanquished

Notes
Turn   | Place    | Note
-------+----------+-------------------------------------------
     0 | D:1      | Zonian the Draconian Ice Elementalist began the quest for
                  | the Orb.
     0 | D:1      | Reached XP level 1. HP: 14/14 MP: 3/3
   128 | D:1      | Reached XP level 2. HP: 18/20 MP: 5/5
  1077 | D:1      | Reached XP level 3. HP: 24/27 MP: 6/6
  1513 | D:1      | Reached skill level 1 in Maces & Flails
  1720 | D:1      | Reached skill level 1 in Fighting
  2240 | D:2      | Noticed Terence
  2256 | D:2      | Killed Terence
  2257 | D:2      | Reached XP level 4. HP: 18/35 MP: 0/7
  2409 | D:2      | Learned a level 3 spell: Frozen Ramparts
  3167 | D:2      | Found a faded altar of an unknown god.
  3975 | D:3      | Reached XP level 5. HP: 39/40 MP: 8/8
  4161 | D:3      | Learned a level 3 spell: Ozocubu's Armour
  4790 | D:3      | Found a hazy altar of Hepliaklqana.
  4903 | D:3      | Became a worshipper of Hepliaklqana the Forgotten
  5564 | D:4      | Reached skill level 1 in Short Blades
  5787 | D:4      | Found Omaakyck's Weapon Shoppe.
  5810 | D:4      | Noticed a black bear
  5820 | D:4      | Killed a black bear
  5821 | D:4      | Reached skill level 5 in Ice Magic
  5821 | D:4      | Reached skill level 1 in Invocations
  5821 | D:4      | Reached XP level 6. HP: 46/49 MP: 10/10
  5859 | D:4      | Found Nob Jue's Jewellery Emporium.
  5873 | D:4      | Found Cekhlooso's Book Shoppe.
  5973 | D:4      | Noticed Duvessa
  5973 | D:4      | Noticed Dowan
  5990 | D:4      | Killed Duvessa
  6053 | D:4      | Killed Dowan
  6054 | D:4      | Your scales start taking on a fiery red colour.
  6054 | D:4      | Reached XP level 7. HP: 49/56 MP: 7/11
  6054 | D:4      | Gained mutation: Your flesh is heat resistant. (rF+) [Red
                  | Draconian growth]
  6121 | D:4      | Found Bugadoh's Armour Emporium.
  6644 | D:4      | Found Ity Qyzes's Book Boutique.
  7550 | D:4      | Identified the +1 scimitar of Premature Burial {flame,
                  | Will+++ Int+5 Dex-3}
  8353 | D:5      | Entered Level 5 of the Dungeon
  8375 | D:5      | Noticed Edmund
  8400 | D:5      | Killed Edmund
  8585 | D:5      | Reached * piety under Hepliaklqana
  8653 | D:5      | Noticed a two-headed ogre
  9441 | D:6      | Found a staircase to the Ecumenical Temple.
  9451 | D:6      | Found a transporter.
  9453 | D:6      | Noticed a vampire mosquito
  9453 | D:6      | Noticed flotson's ghost (amateur MfDe)
  9737 | D:6      | Reached XP level 8. HP: 46/59 MP: 13/13
  9901 | D:5      | Noticed Sigmund
  9910 | D:5      | Killed Sigmund
  9943 | D:5      | Killed a two-headed ogre
 10270 | D:5      | Noticed Grinder
 10272 | D:5      | Paralysed by Grinder for 4 turns
 10288 | D:5      | Killed Grinder
 10289 | D:5      | Reached skill level 5 in Stealth
 10289 | D:5      | Reached XP level 9. HP: 30/65 MP: 15/15
 10650 | D:5      | Reached skill level 5 in Fighting
 11799 | D:6      | Found Eminuuch's Antique Armour Shop.
 12193 | D:6      | Reached ** piety under Hepliaklqana
 12202 | D:6      | Found a transporter.
 12452 | D:7      | Reached skill level 5 in Spellcasting
 12910 | D:7      | Reached skill level 5 in Dodging
 12910 | D:7      | Reached skill level 5 in Invocations
 13046 | D:7      | Remembered your ancestor Zayda as a hexer
 13136 | D:7      | Reached skill level 5 in Short Blades
 14198 | D:8      | Reached XP level 10. HP: 67/74 MP: 18/18
 14923 | D:9      | Noticed Psyche
 15615 | D:9      | Killed Psyche
 15860 | D:9      | Identified the +0 leather armour "Dadeus" {*Corrode +Inv
                  | rElec rC++}
 16745 | D:10     | Entered Level 10 of the Dungeon
 16977 | D:10     | Reached *** piety under Hepliaklqana
 17268 | D:10     | Noticed a two-headed ogre
 17280 | D:10     | Killed a two-headed ogre
 17904 | D:11     | Noticed Sonja
 17909 | D:11     | Killed Sonja
 17933 | D:11     | Reached XP level 11. HP: 61/82 MP: 14/20
 18184 | D:11     | Noticed Josephine
 18456 | D:11     | Killed Josephine
 20217 | D:11     | Reached skill level 1 in Evocations
 20570 | D:11     | Found a staircase to the Lair.
 20982 | D:11     | Noticed a two-headed ogre
 20995 | D:11     | Killed a two-headed ogre
 21310 | D:11     | Noticed Maurice
 21339 | D:11     | Killed Maurice
 21531 | D:4      | Bought Roufaj's Grimoire of the Birds and Heat for 598 gold
                  | pieces
 21537 | D:4      | Learned a level 5 spell: Fireball
 21733 | Lair:1   | Entered Level 1 of the Lair of Beasts
 21785 | Lair:1   | Found a glowing golden altar of the Shining One.
 22052 | Lair:1   | Found a blossoming altar of Fedhas.
 22094 | Lair:1   | Noticed an oklob plant
 22177 | Lair:1   | Reached skill level 1 in Fire Magic
 22765 | Lair:2   | Reached skill level 1 in Conjurations
 22810 | Lair:2   | Reached **** piety under Hepliaklqana
 22853 | Lair:2   | Reached XP level 12. HP: 75/92 MP: 22/22
 23530 | Lair:2   | Noticed a catoblepas
 23541 | Lair:2   | Killed a catoblepas
 23876 | Lair:2   | Killed from afar by a bog body

Illustrated notes

Levels and vault maps discovered:
D:1:      tarquinn_simple_flora_water_f, layout_basic, minmay_small_reverse_x
D:2:      layout_loops_ring, chequers_ecumenical_altar_simple,
          minmay_increasing_density, uniq_terence
D:3:      layout_loops_ring, mainiacjoe_overflow_tiny_flanked,
          minmay_misc_feat_secret_circle
D:4:      minmay_clustersquares, layout_loops_ring, serial_shops, shop,
          nicolae_shop_waterfront, nicolae_square_shop, shop, shop, uniq_duvessa
D:5:      layout_loops_cross, grunt_ministairs_5, uniq_grinder, uniq_edmund,
          uniq_sigmund
D:6:      layout_layer_cave, temple_doors_e, nicolae_ossuary_entry_giza,
          serial_shops, shop, gammafunk_ghost_arena, minmay_chambers_of_fives
D:7:      layout_basic
D:8:      layout_rooms, chequers_serial_rivers_large_a, nicolae_zen_rock_garden
D:9:      layout_rooms, uniq_psyche
D:10:     layout_loops_ring
D:11:     layout_cave_pods, erik_lair_island, uniq_sonja, uniq_maurice,
          uniq_josephine
Lair:1:   layout_cave_pods, basic_altar, tgw_fedhas
Lair:2:   layout_roguey, nicolae_swamp_entry_splash_gauntlet,
          cheibrodos_lair_reptile_den

Skill      XL: |  1  2  3  4  5  6  7  8  9 10 11 12 |
---------------+-------------------------------------+-----
Maces & Flails | 1 |  1.5
Fighting       | 1 2 3 4 6 7 8 |  8.8
Dodging        | 2 3 4 5 6 7 |  7.6
Stealth        | 2 3 5 6 7 8 |  8.3
Short Blades   | 1 2 4 5 6 7 |  7.8
Ice Magic      | 5 4 |  4.3
Invocations    | 1 3 4 5 7 8 |  8.5
Spellcasting   | 3 4 5 6 7 |  7.2
Evocations     | 2 3 |  3.3
Fire Magic     | 1 2 |  2.7
Conjurations   | 1 2 |  2.2

Action                   |  1- 3 |  4- 6 |  7- 9 | 10-12 || total
-------------------------+-------+-------+-------+-------++-------
Melee: Whip              |   121 |       |       |       ||   121
       Tailslap          |    17 |    17 |    39 |    74 ||   147
       Dagger            |    32 |   233 |       |       ||   265
       Short sword       |       |    16 |   344 |   564 ||   924
Throw: Dart              |       |       |    13 |     1 ||    14
       Javelin           |       |       |       |     2 ||     2
 Cast: Freeze            |    11 |    25 |     1 |       ||    37
       Frozen Ramparts   |       |     3 |     1 |       ||     4
Invok: Ancestor Life: He |       |       |     1 |       ||     1
       Recall Ancestor   |       |       |       |     1 ||     1
 Abil: Breathe Fire      |       |       |    11 |    15 ||    26
Evoke: Wand              |       |       |     2 |    15 ||    17
  Use: Scroll            |       |     9 |    11 |     9 ||    29
       Potion            |       |     3 |       |     1 ||     4
 Stab: Sleeping          |     5 |     4 |    11 |    10 ||    30
       Distracted        |       |     1 |     4 |    10 ||    15
       Confused          |       |       |     2 |    10 ||    12
Armor: Skin              |    58 |    72 |    96 |   228 ||   454
Dodge: Dodged            |   112 |   145 |   248 |   444 ||   949

Table legend: (Time is in decaauts)
 A = Elapsed time spent in this place.
 B = Non-inter-level travel time spent in this place.
 C = Inter-level travel time spent in this place.
 D = Time resting spent in this place.
 E = Time spent auto-exploring this place.
 F = Levels seen in this place.
 G = Mean time per level.
                   A        B        C        D        E       F      G
               +--------+--------+--------+--------+--------+-----+--------+
         Total |  23804 |  22761 |   1043 |  10686 |   8493 |  13 | 1831.1 |
       Dungeon |  21689 |  20710 |    979 |  10503 |   6989 |  11 | 1971.7 |
          Lair |   2114 |   2050 |     64 |    183 |   1504 |   2 | 1057.0 |
               +--------+--------+--------+--------+--------+-----+--------+

Top non-repeatable levels by time:
     D:4: 3365 daAuts
    D:10: 2987 daAuts
     D:2: 2241 daAuts
     D:5: 2045 daAuts
     D:6: 2006 daAuts
     D:1: 1843 daAuts
    D:11: 1721 daAuts
     D:8: 1623 daAuts
     D:7: 1460 daAuts
     D:3: 1422 daAuts
  Lair:2: 1124 daAuts
  Lair:1: 989 daAuts
     D:9: 971 daAuts
